 Dungeon Crawl Stone Soup version 0.31-a0-879-g1609e0ac53 (webtiles) character file.

Game seed: 13272391953323929900

239338 mortress the Impassioned (level 18, -10/134 HPs)
             Began as a Demonspawn Gladiator on Oct 14, 2023.
             Was a Priest of Uskayaw.
             Mangled by an enormous slime creature (57 damage)
             ... on level 2 of the Pits of Slime on Oct 15, 2023.
             The game lasted 02:07:28 (32532 turns).

mortress the Impassioned (Demonspawn Gladiator)    Turns: 32532, Time: 02:07:29

Health: -10/134    AC: 28    Str: 22    XL:     18   Next: 58%
Magic:  0/31       EV:  9    Int:  6    God:    Uskayaw [***...]
Gold:   2948       SH:  0    Dex: 13    Spells: 21/25 levels left

rFire   . . .        R - +0 broad axe (freeze)
rCold   + . .        (no shield)
rNeg    . . .        M - +9 plate armour "Vauxam" {rPois Will+++ rCorr Int-5}
rPois   +            c - +0 helmet
rElec   .            P - scarf {shadows}
rCorr   +            N - +2 pair of gloves {Str+3}
SInv    .            p - +1 pair of boots of the Salamander {+Inv rC+}
Will    ++++.        X - amulet "Duimel Gibb" {Spirit Rampage rF- Regen+ Slay+2} Stlth
                     A - +4 ring of protection
HPRegen 3.22/turn    h - ring of protection from fire
MPRegen 0.22/turn

%: clarity, guardian spirit, rampage
@: corroded, studying Throwing
A: molten scales 3, powered by death 2, spiny 3, demonic touch 2, clarity,
clumsy 1, deformed body, frail 1, weak 1, heat vulnerability 1
}: 2/15 runes: decaying, gossamer
a: Renounce Religion, Evoke Invisibility, Stomp, Line Pass


You were on level 2 of the Pits of Slime.
You worshipped Uskayaw.
Uskayaw was most pleased with you.
You visited 7 branches of the dungeon, and saw 33 of its levels.
You also visited: Ice Cave.

You collected 4321 gold pieces.
You spent 1373 gold pieces at shops.

Inventory:

Hand Weapons
 g - a +0 broad axe of flaming
 R - a +0 broad axe of freezing (weapon)
Missiles
 e - 15 javelins
 m - a throwing net
 D - 4 atropa-tipped darts
 F - 12 poisoned darts (quivered)
 O - 3 darts of dispersal
Armour
 c - a +0 helmet (worn)
 p - the +1 pair of boots of the Salamander (worn) {+Inv rC+}
   (You found it on level 1 of the Lair of Beasts)

   rC+:       It protects you from cold.
   +Inv:      It lets you turn invisible.
 M - the +9 plate armour "Vauxam" (worn) {rPois Will+++ rCorr Int-5}
   (You acquired it on level 3 of the Swamp)

   Int-5:     It affects your intelligence (-5).
   rPois:     It protects you from poison Will+++: It greatly increases your
   willpower.
   rCorr:     It protects you from acid and corrosion.
 N - a +2 pair of gloves of strength (worn)
 P - a scarf of shadows (worn)
Jewellery
 d - the ring of Uskayaw's Delight {rN+ Will+}
   (You found it on level 2 of the Lair of Beasts)

   [ring of willpower]

   rN+:       It protects you from negative energy.
   Will+:     It increases your willpower.
 h - a ring of protection from fire (right hand)
 A - a +4 ring of protection (left hand)
 X - the amulet "Duimel Gibb" (around neck) {Spirit Rampage rF- Regen+ Slay+2}
   (You found it on level 4 of the Lair of Beasts)

   [amulet of guardian spirit]

   Spirit:    It causes incoming damage to be divided between your reserves of
   health and magic.
   Slay+2:    It affects your accuracy & damage with ranged weapons and melee
   (+2).
   rF-:       It makes you vulnerable to fire.
   Regen+:    It increases your rate of health regeneration.
   Rampage:   It bestows one free step when moving towards enemies.
Wands
 x - a wand of roots (29)
 y - a wand of mindburst (7)
 B - a wand of digging (20)
 E - a wand of paralysis (6)
 G - a wand of flame (18)
 Y - a wand of acid (5)
Scrolls
 i - 4 scrolls of fear
 n - 2 scrolls of poison
 o - 2 scrolls of immolation
 q - 5 scrolls of fog
 s - 2 scrolls of enchant armour
 t - 2 scrolls of butterflies
 u - 5 scrolls of enchant weapon
 J - 4 scrolls of revelation
 Q - 3 scrolls of silence
 V - 12 scrolls of teleportation
 W - 3 scrolls of blinking
 Z - a scroll of brand weapon
Potions
 a - 3 potions of cancellation
 b - 2 potions of resistance
 f - 3 potions of haste
 j - 7 potions of heal wounds
 k - 6 potions of enlightenment
 r - a potion of attraction
 v - 2 potions of might
 w - 9 potions of curing
 C - 9 potions of ambrosia
 H - 5 potions of lignification
 I - 4 potions of mutation
 K - 7 potions of brilliance
 L - 3 potions of invisibility
 S - 2 potions of berserk rage
 T - a potion of magic
Miscellaneous
 l - a phial of floods


   Skills:
 + Level 15.4 Fighting
 + Level 14.3 Axes
 + Level 16.2 Throwing
 + Level 14.0 Armour
 - Level 5.0 Dodging
 - Level 5.0 Stealth
 - Level 4.0 Spellcasting
 - Level 4.0 Summonings
 - Level 4.0 Ice Magic
 + Level 18.1 Invocations


You had 21 spell levels left.
You knew the following spells:

 Your Spells              Type           Power      Damage    Failure   Level
a - Summon Ice Beast      Ice/Summ       6%         N/A       99%         4

Your spell library contained the following spells:

 Spells                   Type           Power      Damage    Failure   Level
 Freeze                   Ice            24%        1d4       54%         1
 Summon Small Mammal      Summ           24%        N/A       54%         1
 Call Canine Familiar     Summ           6%         N/A       88%         3
 Frozen Ramparts          Ice            12%        1d2       88%         3
 Ozocubu's Armour         Ice            6%         N/A       88%         3
 Kiss of Death            Conj/Necr      4%         2d5       97%         1
 Shock                    Conj/Air       4%         1d3       97%         1
 Blink                    Tloc           2%         N/A       99%         2
 Cigotuvi's Dreadful Rot  Necr/Pois/Air  2%         N/A       99%         2
 Lesser Beckoning         Tloc           2%         N/A       99%         2
 Momentum Strike          Conj/Tloc      2%         3d8       99%         2
 Passwall                 Tmut/Erth      0%         N/A       99%         2
 Poisonous Vapours        Pois/Air       2%         N/A       99%         2
 Hailstorm                Conj/Ice       3%         3d3       99%         3
 Summon Guardian Golem    Hex/Summ       3%         N/A       99%         3
 Gell's Gravitas          Tloc           1%         N/A       100%        3
 Ignite Poison            Fire/Tmut/Pois 1%         N/A       100%        3
 Mephitic Cloud           Conj/Pois/Air  1%         N/A       100%        3
 Stone Arrow              Conj/Erth      2%         3d7       100%        3
 Swiftness                Air            1%         N/A       100%        3
 Teleport Other           Tloc           1%         N/A       100%        3
 Tukima's Dance           Hex            1%         N/A       100%        3
 Airstrike                Air            0%         2d(1-17)  100%        4
 Animate Armour           Summ/Erth      6%         N/A       100%        4
 Dimensional Bullseye     Hex/Tloc       0%         N/A       100%        4
 Iskenderun's Mystic Bla  Conj/Tloc      1%         2d3       100%        4
 Agony                    Necr           1%         N/A       100%        5
 Freezing Cloud           Conj/Ice/Air   1%         6-21      100%        5
 Iskenderun's Battlesphe  Conj           1%         2d6       100%        5
 Bombard                  Conj/Erth      0%         9d1       100%        6
 Conjure Ball Lightning   Conj/Air       0%         3x3d6     100%        6
 Simulacrum               Ice/Necr       1%         N/A       100%        6
 Ozocubu's Refrigeration  Ice            3%         4d8       100%        7
 Spellforged Servitor     Conj/Summ      1%         N/A       100%        7
 Discord                  Hex            0%         N/A       100%        8
 Disjunction              Tloc           0%         N/A       100%        8
 Lehudib's Crystal Spear  Conj/Erth      0%         10d2      100%        8


Dungeon Overview and Level Annotations

Branches:
Dungeon (15/15)            Temple (1/1) D:7            Lair (5/5) D:9
  Swamp (4/4) Lair:2       Spider (4/4) Lair:3        Slime (2/5) Lair:5
    Orc (2/2) D:9             Elf (0/3) Orc:2        Vaults (0/5) D:13
 Depths (0/4) D:15          IceCv (visited)

Altars:
Ashenzari
Cheibriados
Dithmenos
Fedhas
Gozag
Hepliaklqana
Kikubaaqudgha
Makhleb
Nemelex Xobeh
Okawaru
Qazlal
Ru
Sif Muna
Trog
Uskayaw
Vehumet
Wu Jian
Xom
Yredelemnul

Shops:
D:15 ?   Orc:2 *(?:

Portals:
Trove: D:12 (give +2 fire dragon scales)

Annotations:
D:13 4 transporters


Innate Abilities, Weirdness & Mutations

You are completely covered in molten scales. (AC +4, rF+)
You regenerate health from kills.
You are completely covered in sharp spines.
Your touch may inflict irresistible damage on your foes.
You possess an exceptional clarity of mind.
You are clumsy. (Dex -2)
Armour fits poorly on your strangely shaped body.
You are frail. (-10% HP)
You are weak. (Str -2)
You are vulnerable to heat. (rF-)


Message History

The acid blob is no longer sharing its pain.
The acid blob spits acid at you. The splash of acid hits you. You resist.
Uskayaw will force your foes to share their pain.
You hit the slime creature. You freeze the slime creature.
The slime creature is heavily wounded.
You slash the acid blob! You freeze the acid blob.
Your hands burn!
The acid blob spits acid at you. The splash of acid hits you! You resist.
The slime creature hits you.
Unknown command.
You stomp with the beat, sending a shockwave through the revellers around you!
The great orb of eyes is heavily wounded.
The acid blob is severely wounded.
You kill the slime creature!
The slime creature is severely wounded.
The large slime creature is no longer sharing its pain.
The acid blob hits you!
You are splashed with acid.
You resist. The great orb of eyes gazes at you.
You resist with almost no effort.
The slime creature is struck by your spines.
You kill the slime creature!
Uskayaw will force your foes to share their pain.
Unknown command.
You stomp with the beat, sending a shockwave through the revellers around you!
The great orb of eyes is almost dead.
The acid blob is almost dead.
The acid blob is struck by your spines.
You kill the acid blob!
The great orb of eyes bites you.
Unknown command.
The enormous slime creature is no longer sharing its pain.
The enormous slime creature attacks as it pursues you!
The enormous slime creature hits you!!!
Press: ? - help, v - describe, . - travel
Here: an enormous slime creature (lightly wounded)
The floor.
The great orb of eyes bites you!
The enormous slime creature attacks as it pursues you!
The enormous slime creature is struck by your spines.
The enormous slime creature hits you!!!
You die...

###.## ##....# #
##.....
..##.....# ###.
.........##.#..
.............. .
.......@..#.# ..
#.....GJ..## ...
..#...J.....#....
..^..............
..........<......
.................
...............#.
.........##...##
.....>... ....#


You could see a great orb of eyes (pain bonded), an enormous slime creature and
a large slime creature.

Vanquished Creatures
  Nikola (Swamp:3)
  A tentacled monstrosity (Swamp:4)
  Mlioglotl (Spider:1)
  Gastronok (D:8)
  6 acid blobs
  3 thorn hunters
  Donald (Swamp:2)
  A fenstrider witch (Swamp:3)
  An azure jelly (Slime:1)
  3 rockslimes
  A frost giant (IceCv)
  3 emperor scorpions
  2 orc warlords (Orc:2)
  3 broodmothers
  4 ghost moths
  3 formless jellyfish (Slime:1)
  3 eleionomae
  Nessos (D:12)
  5 spark wasps
  A dire elephant (D:15)
  9 bunyips
  3 entropy weavers
  2 shambling mangroves
  A fire dragon (Lair:5)
  Josephine (Lair:4)
  3 ice dragons (Swamp:4)
  A rakshasa (D:13)
  4 vault guards (D:13)
  11 alligators
  2 ghost crabs
  17 hydras
  A death knight (D:14)
  4 centaur warriors
  5 boulder beetles
  A jorogumo (Spider:4)
  3 radroaches
  A catoblepas (D:13)
  4 two-headed ogres
  10 death yaks
  A tengu warrior (D:10)
  8 demonic crawlers
  3 orc high priests (Orc:2)
  Urug (D:11)
  Amaemon (Lair:1)
  5 skeletal warriors (D:15)
  7 pharaoh ants
  10 orb spiders
  8 goliath frogs
  4 sun moths
  8 swamp dragons
  2 spriggan druids (Swamp:2)
  Pikel (D:4)
  3 bog bodies (Swamp:1)
  4 steelbarb worms
  4 orc knights (Orc:2)
  6 deep elf pyromancers
  A lindwurm (Lair:5)
  17 wolf spiders
  2 ugly things
  3 orc sorcerers (Orc:2)
  4 manticores
  An oklob plant (Lair:5)
  4 shining eyes
  5 cyclopes
  2 will-o-the-wisps
  5 moths of wrath
  6 elephants (Lair:5)
  4 centaur zombies (D:10)
  An ice statue (IceCv)
  2 molten gargoyles (Lair:5)
  2 gargoyles
  8 black mambas
  Joseph (D:8)
  10 cane toads
  4 torpor snails
  An orange demon (Lair:1)
  Maggie (Lair:1)
  2 unseen horrors
  Psyche (D:8)
  2 kobold demonologists
  9 rime drakes
  An efreet (D:15)
  9 komodo dragons
  A tengu conjurer (D:10)
  4 freezing wraiths (Swamp:4)
  14 polar bears
  12 meliai
  5 tyrant leeches
  7 trolls
  23 tarantellas
  19 hornets
  15 jumping spiders
  42 slime creatures
  12 blink frogs (Lair:4)
  13 culicivoras
  A meliai zombie (D:10)
  12 spriggans
  2 vampires
  6 wraiths
  A spriggan (shapeshifter) (D:14)
  15 wyverns
  4 shadows
  7 basilisks
  51 yaks
  7 steam dragons
  Grum (D:9)
  6 swamp worm simulacra (Swamp:4)
  A death yak simulacrum (Lair:2)
  7 vampire mosquitoes
  Eustachio (D:4)
  Edmund (D:6)
  45 redbacks
  17 swamp worms
  An acid dragon (D:13)
  14 hydra simulacra (Swamp:4)
  4 hell hounds (Lair:5)
  14 water moccasins
  3 ice beasts
  A floating eye (Slime:2)
  5 sky beasts
  20 orc warriors
  2 black bears
  9 centaurs
  5 ogres
  30 wolves
  A lemure (D:4)
  A phantom (D:9)
  18 bullfrogs
  A kobold brigand (D:7)
  2 gnoll sergeants
  4 scorpions
  10 necrophages
  17 wights
  3 troll zombies (D:9)
  2 killer bees
  6 howler monkeys
  2 electric eels (Spider:4)
  6 lava snakes
  A human zombie (D:10)
  4 jellies
  3 hounds
  Crazy Yiuf (D:6)
  A gnoll bouda (Orc:2)
  21 orc priests
  8 iguanas
  Natasha (twice) (D:2)
  Terence (D:3)
  28 orc wizards
  3 ogre zombies (D:9)
  A howler monkey zombie (D:10)
  Robin (D:3)
  3 gnolls (Orc:2)
  9 adders
  3 shadow imps
  5 white imps
  2 swamp drake simulacra (Swamp:4)
  2 dart slugs
  74 orcs
  7 ball pythons
  3 endoplasms
  A giant cockroach (D:4)
  19 goblins
  10 hobgoblins
  3 jackals (D:1)
  6 quokkas
  8 bats
  7 frilled lizards
  A goblin skeleton (D:9)
  2 goblin zombies (D:9)
  A hobgoblin skeleton (D:9)
  2 hobgoblin zombies (D:9)
  10 kobolds
  5 orc skeletons (D:9)
  8 orc zombies (D:9)
  10 rats
1121 creatures vanquished.

Vanquished Creatures (others)
  A bunyip (Swamp:4)
  A hydra (Lair:5)
  A bog body (Swamp:3)
  A black mamba (Lair:5)
  5 bloated husks
  A tyrant leech (Swamp:3)
  A basilisk (Lair:5)
  A yak (IceCv)
  A quokka (D:7)
  6 foxfires
19 creatures vanquished.

Grand Total: 1140 creatures vanquished

Notes
Turn   | Place    | Note
-------+----------+-------------------------------------------
     0 | D:1      | mortress the Demonspawn Gladiator began the quest for the
                  | Orb.
     0 | D:1      | Reached XP level 1. HP: 16/16 MP: 1/1
    83 | D:1      | Gained mutation: You are partially covered in molten
                  | scales. (AC +2) [demonic ancestry]
    83 | D:1      | Reached XP level 2. HP: 19/22 MP: 2/2
   515 | D:1      | Gained mutation: You are partially covered in sharp spines.
                  | [demonic ancestry]
   515 | D:1      | Reached XP level 3. HP: 17/28 MP: 3/3
  1065 | D:2      | Gained mutation: You are mostly covered in sharp spines.
                  | [demonic ancestry]
  1065 | D:2      | Reached XP level 4. HP: 34/34 MP: 4/4
  1077 | D:2      | Noticed Natasha
  1080 | D:2      | Killed Natasha
  1081 | D:2      | Reached skill level 1 in Armour
  1081 | D:2      | Reached skill level 1 in Stealth
  1354 | D:2      | Noticed Natasha
  1362 | D:2      | Killed Natasha
  1567 | D:2      | Found a faded altar of an unknown god.
  1700 | D:3      | Noticed Terence
  1707 | D:3      | Killed Terence
  1708 | D:3      | Gained mutation: Your touch may inflict minor irresistible
                  | damage on your foes. [demonic ancestry]
  1708 | D:3      | Reached XP level 5. HP: 32/40 MP: 5/5
  2090 | D:3      | Noticed Robin
  2100 | D:3      | Killed Robin
  2112 | D:3      | Found a broken altar of Ashenzari.
  2241 | D:4      | Reached XP level 6. HP: 46/47 MP: 6/6
  2485 | D:4      | Noticed Eustachio
  2500 | D:4      | Killed Eustachio
  2701 | D:4      | Noticed Pikel
  2712 | D:4      | Killed Pikel
  2713 | D:4      | Reached XP level 7. HP: 49/54 MP: 7/7
  2719 | D:4      | Gained mutation: You are mostly covered in molten scales.
                  | (AC +3) [demonic ancestry]
  2719 | D:4      | Reached XP level 8. HP: 54/60 MP: 8/8
  2750 | D:4      | Found a sparkling altar of Nemelex Xobeh.
  2751 | D:4      | Found a shimmering blue altar of Sif Muna.
  2984 | D:5      | Entered Level 5 of the Dungeon
  3254 | D:5      | Found an iron altar of Okawaru.
  3342 | D:5      | Reached skill level 5 in Axes
  3413 | D:5      | Reached skill level 5 in Fighting
  3679 | D:6      | Identified the +5 spear "Sochirchail" {antimagic, Dex+8}
  3686 | D:6      | Reached skill level 5 in Dodging
  3728 | D:6      | Learned a level 4 spell: Summon Ice Beast
  3774 | D:6      | Gained mutation: You are completely covered in molten
                  | scales. (AC +4, rF+) [demonic ancestry]
  3774 | D:6      | Reached XP level 9. HP: 68/68 MP: 9/9
  3809 | D:6      | Found a shadowy altar of Dithmenos.
  3948 | D:6      | Reached skill level 1 in Summonings
  3953 | D:6      | Reached skill level 5 in Throwing
  3953 | D:6      | Reached skill level 1 in Spellcasting
  3953 | D:6      | Reached skill level 1 in Ice Magic
  4094 | D:6      | Found a runed translucent door.
  4095 | D:6      | Noticed Crazy Yiuf
  4417 | D:6      | Found a radiant altar of Vehumet.
  4516 | D:6      | Noticed Edmund
  4525 | D:6      | Killed Edmund
  4526 | D:6      | Reached skill level 5 in Stealth
  4622 | D:6      | Killed Crazy Yiuf
  4713 | D:7      | Found a staircase to the Ecumenical Temple.
  4723 | Temple   | Entered the Ecumenical Temple
  4746 | Temple   | Became a worshipper of Uskayaw the Reveller
  4781 | D:7      | Reached * piety under Uskayaw
  4789 | D:7      | Reached ** piety under Uskayaw
  4819 | D:7      | Reached *** piety under Uskayaw
  4881 | D:7      | Reached skill level 5 in Armour
  4881 | D:7      | Reached skill level 1 in Invocations
  4881 | D:7      | Reached XP level 10. HP: 74/76 MP: 13/13
  5160 | D:8      | Noticed Gastronok
  5178 | D:8      | Killed Gastronok
  5179 | D:8      | Reached skill level 2 in Invocations
  5436 | D:8      | Noticed Psyche
  5442 | D:8      | Killed Psyche
  5464 | D:8      | Noticed Joseph
  5476 | D:8      | Killed Joseph
  5477 | D:8      | Reached skill level 3 in Invocations
  5698 | D:8      | Found a stormy altar of Qazlal.
  5905 | D:9      | Found a staircase to the Orcish Mines.
  5981 | D:9      | Reached **** piety under Uskayaw
  5984 | D:9      | Noticed a centaur warrior
  6022 | D:9      | Killed a centaur warrior
  6022 | D:9      | Reached ***** piety under Uskayaw
  6023 | D:9      | Reached skill level 4 in Invocations
  6023 | D:9      | Reached XP level 11. HP: 82/83 MP: 16/16
  6074 | D:9      | Noticed a boulder beetle
  6452 | D:9      | Reached skill level 5 in Invocations
  6920 | D:9      | Identified the +0 robe of Orthodoxy {rF+}
  6920 | D:9      | Noticed Grum
  6933 | D:9      | Killed Grum
  6933 | D:9      | Noticed a two-headed ogre
  6940 | D:9      | Reached ****** piety under Uskayaw
  6942 | D:9      | Killed a two-headed ogre
  6943 | D:9      | Reached skill level 6 in Invocations
  6999 | D:9      | Killed a boulder beetle
  7106 | D:9      | Found a staircase to the Lair.
  7557 | D:10     | Entered Level 10 of the Dungeon
  7627 | D:10     | Noticed a two-headed ogre
  7690 | Orc:1    | Entered Level 1 of the Orcish Mines
  7968 | Orc:2    | Entered Level 2 of the Orcish Mines
  7981 | Orc:2    | Reached skill level 7 in Invocations
  8069 | Orc:2    | Found a staircase to the Elven Halls.
  8209 | Orc:2    | Found Doekades's Assorted Antiques.
  8216 | Orc:2    | Bought an encrusted iron wand for 100 gold pieces
  8216 | Orc:2    | Bought a smoky dark potion for 22 gold pieces
  8216 | Orc:2    | Bought 2 scrolls labelled NOLO EDDONAUSCH for 50 gold
                  | pieces
  8216 | Orc:2    | Bought a scroll labelled NOLO EDDONAUSCH for 25 gold pieces
  8315 | Orc:2    | Noticed an orc knight
  8362 | Orc:2    | Killed an orc knight
  8363 | Orc:2    | Gained mutation: You are completely covered in sharp
                  | spines. [demonic ancestry]
  8363 | Orc:2    | Reached XP level 12. HP: 60/93 MP: 18/18
  8492 | Orc:2    | Noticed an orc high priest
  8499 | Orc:2    | Killed an orc high priest
  8544 | Orc:2    | Noticed an orc high priest
  8554 | Orc:2    | Killed an orc high priest
  8555 | Orc:2    | Reached skill level 8 in Invocations
  8574 | Orc:2    | Noticed an orc high priest
  8597 | Orc:2    | Killed an orc high priest
  8645 | Orc:2    | Found Inwi's Weapon Shop.
  8645 | Orc:2    | Found Jubiyqis's Book Shoppe.
  8648 | Orc:2    | Found Dimuti's General Store.
  8648 | Orc:2    | Found Jatos's Magic Scroll Shoppe.
  8665 | Orc:2    | Bought a scroll of teleportation for 36 gold pieces
  8665 | Orc:2    | Bought a scroll of teleportation for 36 gold pieces
  8665 | Orc:2    | Bought a scroll of identify for 24 gold pieces
  8665 | Orc:2    | Bought a scroll of enchant weapon for 90 gold pieces
  8665 | Orc:2    | Bought a scroll of identify for 24 gold pieces
  8755 | Orc:2    | Noticed an orc warlord
  8762 | Orc:2    | Noticed an orc warlord
  8780 | Orc:2    | Killed an orc warlord
  9590 | Orc:2    | Found Doekades's Assorted Antiques.
  9706 | Orc:2    | Found a staircase to the Elven Halls.
  9805 | Orc:2    | Found Inwi's Weapon Shop.
  9805 | Orc:2    | Found Jubiyqis's Book Shoppe.
  9807 | Orc:2    | Found Jatos's Magic Scroll Shoppe.
  9864 | Orc:2    | Killed an orc warlord
  9937 | Lair:1   | Entered Level 1 of the Lair of Beasts
  9956 | Lair:1   | Reached skill level 9 in Invocations
 10136 | Lair:1   | Noticed Amaemon
 10159 | Lair:1   | Killed Amaemon
 10277 | Lair:1   | Gained mutation: You regenerate a little health from kills.
                  | [demonic ancestry]
 10277 | Lair:1   | Reached XP level 13. HP: 101/101 MP: 10/20
 10346 | Lair:1   | Noticed Maggie
 10352 | Lair:1   | Killed Maggie
 10624 | Lair:1   | Identified the +1 pair of boots of the Salamander {+Inv
                  | rC+}
 11107 | Lair:2   | Found a frozen archway.
 11138 | IceCv    | Entered an ice cave
 11172 | IceCv    | Reached skill level 10 in Invocations
 11352 | IceCv    | Reached skill level 10 in Fighting
 11466 | IceCv    | Noticed a frost giant
 11488 | IceCv    | Killed a frost giant
 12343 | Lair:2   | Reached skill level 11 in Invocations
 12374 | Lair:2   | Identified the ring of Uskayaw's Delight {rN+ Will+}
 12618 | Lair:2   | Found a staircase to the Swamp.
 12618 | Lair:2   | Noticed an eleionoma
 12632 | Lair:2   | Killed an eleionoma
 13056 | Lair:3   | Reached skill level 10 in Axes
 13346 | Lair:3   | Gained mutation: Your touch may inflict irresistible damage
                  | on your foes. [demonic ancestry]
 13346 | Lair:3   | Reached XP level 14. HP: 111/111 MP: 22/22
 13522 | Lair:3   | Found a hole to the Spider Nest.
 14038 | Lair:3   | Reached skill level 10 in Throwing
 14513 | Lair:4   | Noticed Josephine
 14518 | Lair:4   | Killed Josephine
 14671 | Lair:4   | Reached skill level 10 in Armour
 14673 | Lair:4   | Reached skill level 12 in Invocations
 14869 | Lair:4   | Identified the amulet "Duimel Gibb" {Spirit Rampage rF-
                  | Regen+ Slay+2}
 15150 | Lair:5   | Entered Level 5 of the Lair of Beasts
 15628 | Lair:5   | Found a staircase to the Slime Pits.
 16246 | Lair:5   | Reached skill level 13 in Invocations
 16315 | Lair:5   | Found a large runed translucent door.
 16315 | Lair:5   | Found a large runed translucent door.
 16996 | D:10     | Found a basalt altar of Yredelemnul.
 17013 | D:10     | Reached XP level 15. HP: 120/120 MP: 24/24
 17504 | D:10     | Found an opulent altar of Gozag.
 17668 | D:10     | Found a faded altar of an unknown god.
 17669 | D:10     | Found a hazy altar of Hepliaklqana.
 17671 | D:10     | Found a faded altar of an unknown god.
 17824 | D:11     | Got an uncut book
 17829 | D:11     | Noticed Urug
 17836 | D:11     | Killed Urug
 18147 | D:12     | Found a portal to a secret trove of treasure.
 18399 | D:12     | Noticed Nessos
 18425 | D:12     | Killed Nessos
 19410 | D:13     | Found a transporter.
 19439 | D:13     | Found a transporter.
 19459 | D:13     | Found a transporter.
 19511 | D:13     | Found a transporter.
 19611 | D:13     | Found a gate to the Vaults.
 20111 | D:14     | Reached skill level 14 in Invocations
 20770 | D:15     | Entered Level 15 of the Dungeon
 21558 | D:15     | Found a staircase to the Depths.
 21754 | D:15     | Found a sacrificial altar of Ru.
 21978 | D:15     | Found Mawaory Cawe's Magic Scroll Boutique.
 22045 | D:15     | Bought a scroll of acquirement for 728 gold pieces
 22045 | D:15     | Bought a scroll of brand weapon for 133 gold pieces
 22045 | D:15     | Bought a scroll of revelation for 105 gold pieces
 22270 | Swamp:1  | Entered Level 1 of the Swamp
 22405 | Swamp:1  | Identified the +2 pair of boots of Lust {rC- Str+6 Stlth+}
 22431 | Swamp:1  | Reached XP level 16. HP: 106/129 MP: 22/26
 22477 | Swamp:1  | Acquired 761 gold pieces
 23625 | Swamp:2  | Reached skill level 15 in Invocations
 23779 | Swamp:2  | Noticed a thorn hunter
 23779 | Swamp:2  | Noticed Donald
 23789 | Swamp:2  | Killed Donald
 23797 | Swamp:2  | Killed a thorn hunter
 24110 | Swamp:2  | Identified the +6 chain mail of Doomed Joy {*Slow rF+ Str+2
                  | Stlth+}
 24581 | Swamp:3  | Acquired the +9 plate armour "Vauxam" {rPois Will+++ rCorr
                  | Int-5}
 24620 | Swamp:3  | Noticed a thorn hunter
 24628 | Swamp:3  | Killed a thorn hunter
 24867 | Swamp:3  | Noticed Nikola
 25038 | Swamp:3  | Killed Nikola
 25375 | Swamp:4  | Entered Level 4 of the Swamp
 25422 | Swamp:4  | Noticed a thorn hunter
 25440 | Swamp:4  | Killed a thorn hunter
 25553 | Swamp:4  | Reached skill level 16 in Invocations
 25638 | Swamp:4  | Noticed a tentacled monstrosity
 25646 | Swamp:4  | Killed a tentacled monstrosity
 25779 | Swamp:4  | Reached XP level 17. HP: 138/138 MP: 29/29
 26122 | Swamp:4  | Got a decaying rune of Zot
 26524 | Spider:1 | Entered Level 1 of the Spider Nest
 27008 | Spider:1 | Noticed Mlioglotl
 27017 | Spider:1 | Killed Mlioglotl
 28888 | Spider:3 | Reached skill level 17 in Invocations
 29003 | Spider:3 | Reached skill level 15 in Throwing
 29320 | Spider:3 | Identified the +1 hat "Midghiss" {+Blink rF+ Str+2 Stlth-}
 29540 | Spider:4 | Entered Level 4 of the Spider Nest
 30078 | Spider:4 | Gained mutation: You regenerate health from kills. [demonic
                  | ancestry]
 30078 | Spider:4 | Reached XP level 18. HP: 143/148 MP: 26/30
 30357 | Spider:4 | Reached skill level 15 in Fighting
 30931 | Spider:4 | Paralysed by a hornet for 3 turns
 31199 | Spider:4 | Identified the scarf "Kuiv" {rC+ rF+, Int+3}
 31216 | Spider:4 | Got a gossamer rune of Zot
 31418 | Lair:5   | Acquired 814 gold pieces
 31454 | Slime:1  | Entered Level 1 of the Pits of Slime
 31461 | Slime:1  | Gained mutation: You sometimes lose your temper in combat.
                  | [a shining eye]
 31471 | Slime:1  | Paralysed by a formless jellyfish for 1 turns
 31472 | Slime:1  | Gained mutation: You are weak. (Str -2) [a shining eye]
 31475 | Slime:1  | Gained mutation: You are clumsy. (Dex -2) [a shining eye]
 31625 | Slime:1  | Gained mutation: You occasionally lose the ability to read
                  | scrolls when taking damage. [a shining eye]
 31854 | Slime:1  | Reached skill level 18 in Invocations
 32348 | Slime:2  | Gained mutation: You are frail. (-10% HP) [a shining eye]
 32354 | Slime:2  | Lost mutation: You occasionally lose the ability to read
                  | scrolls when taking damage. [potion of mutation]
 32354 | Slime:2  | Lost mutation: You sometimes lose your temper in combat.
                  | [potion of mutation]
 32354 | Slime:2  | Gained mutation: Armour fits poorly on your strangely
                  | shaped body. [potion of mutation]
 32354 | Slime:2  | Gained mutation: You are vulnerable to heat. (rF-) [potion
                  | of mutation]
 32354 | Slime:2  | Gained mutation: You possess an exceptional clarity of
                  | mind. [potion of mutation]
 32532 | Slime:2  | Mangled by an enormous slime creature

Illustrated notes

Levels and vault maps discovered:
D:1:      psy_arrival_radial02, layout_loops_ring, minmay_hexomino_p4
D:2:      layout_basic, hellmonk_ecumenical_altar_leap_of_faith, uniq_natasha
D:3:      layout_rooms, nicolae_ashenzari_skybound, item_on_display_a,
          uniq_robin, uniq_terence
D:4:      layout_basic, nicolae_overflow_squiral, uniq_pikel, uniq_eustachio
D:5:      layout_basic, mainiacjoe_overflow_brackets
D:6:      layout_loops_cross, lemuel_coloured_pillars_altar, lemuel_round_altar,
          minmay_joined_circles, uniq_crazy_yiuf_cottage, uniq_edmund
D:7:      layout_rooms, elyvilon_altar_4, temple_fountains,
          kennysheep_generic_room_7
D:8:      layout_loops_cross, lemuel_tele_altar,
          nicolae_qazlal_general_emergency, uniq_joseph, uniq_gastronok,
          uniq_psyche
D:9:      cheibrodos_fzero, layout_cave_pods, minmay_lair_entry_grove,
          zombieorc1_lemuel, dk_noncrumbling_2, kennysheep_potato, uniq_grum
D:10:     minmay_skewed_foursquare, layout_basic,
          lemuel_mausoleum_altar_yredelemnul,
          nicolae_hepliaklqana_ecumenical_no_more,
          mainiacjoe_overflow_surrounded_room
D:11:     layout_gridville, uniq_urug
D:12:     layout_layer_cave, nicolae_trove_entry_crossroad, uniq_nessos
D:13:     layout_rooms, lightli_vaults_fourway_checkpoint,
          nicolae_transporter_intersection
D:14:     layout_cave_pools, minmay_misc_feat_iff
D:15:     hangedman_depths_entry_try_elsewhere_first, layout_loops_corners,
          nicolae_ru_path_of_blood, serial_shops,
          nicolae_shop_temple_entry_statues_fountains
Temple:   compressed_dpeg_circular_temple
Lair:1:   layout_cave_pods, grunt_forest_large_clearings, uniq_maggie,
          uniq_amaemon
Lair:2:   layout_cellular_growth, alex1729_swamp_entry_worm_eleionoma,
          portal_ice_cave_entry_ice_simulacra
Lair:3:   layout_chaotic_city, nicolae_spider_entry_orb_guardian,
          nicolae_quartered_pool_super, roderic_carrion_pond
Lair:4:   layout_cave_shapes, uniq_josephine
Lair:5:   cheibrodos_lair_end_hotspot, layout_long_grid,
          minmay_slime_entry_oklob_enclosed, cheibrodos_lair_lostbears,
          serial_bayou_shore_a, lemuel_fruit_tree
Swamp:1:  layout_falls_marsh, evilmike_swamp_ruin_house_4, swamp_pool3,
          nicolae_swamp_stuck_in_the_mud
Swamp:2:  layout_falls_marsh, evilmike_swamp_ruin_house_5, swamp_pool3,
          nicolae_swamp_trees_clearing, infiniplex_staircase_pool, uniq_donald
Swamp:3:  layout_basic_swamp, serial_swamp_ruin, evilmike_swamp_ruin_rubble_2,
          evilmike_swamp_ruin_house_2, uniq_nikola
Swamp:4:  swamp_icy, layout_basic_swamp
Spider:1: nicolae_spider_broodchamber, uniq_mlioglotl
Spider:2: layout_chambers, nicolae_spider_cling_halls
Spider:3: layout_spider_delve, hellmonk_motheaten_closet
Spider:4: spider_rune_water
Slime:1:  layout_caves
Slime:2:  layout_caves
Orc:1:    layout_caves
Orc:2:    grunt_orc_tribal_feast, layout_diamond_mine, serial_shops,
          nicolae_shop_tiny_statue_garden, basic_altar, minmay_orc_barracks

Skill      XL: |  1  2  3  4  5  6  7  8  9 10 11 12 13 14 15 16 17 18 |
---------------+-------------------------------------------------------+-----
Throwing       | 2 3 4 5 6 7 8 9 10 12 13 15 16 | 16.2
Dodging        | 3 4 5 |  5.0
Axes           | 3 4 5 6 7 9 10 11 12 13 14 | 14.3
Armour         | 1 3 4 5 7 8 9 10 11 12 13 14 | 14.0
Stealth        | 1 3 4 5 |  5.0
Fighting       | 3 4 5 6 8 9 10 11 12 13 14 15 | 15.4
Summonings     | 2 4 |  4.0
Spellcasting   | 2 3 4 |  4.0
Ice Magic      | 2 3 4 |  4.0
Invocations    | 1 4 7 9 11 13 14 16 17 18 | 18.1

Action                     |  1- 3 |  4- 6 |  7- 9 | 10-12 | 13-15 | 16-18 || total
---------------------------+-------+-------+-------+-------+-------+-------++-------
  Melee: War axe           |    91 |    80 |   171 |   445 |   147 |       ||   934
         Touch             |       |     6 |    32 |    90 |   158 |   204 ||   490
         Punch             |       |     1 |     1 |     5 |    11 |    16 ||    34
         Broad axe         |       |       |       |       |   548 |   890 ||  1438
         Demon whip        |       |       |       |       |    10 |       ||    10
         Flail             |       |       |       |       |     6 |       ||     6
         Hand axe          |       |       |       |       |       |     6 ||     6
  Throw: Javelin           |       |     1 |       |     9 |     8 |    10 ||    28
         Stone             |       |     8 |       |     4 |       |       ||    12
         Dart              |       |       |     3 |    12 |     2 |     4 ||    21
         Throwing net      |       |       |     3 |     2 |       |       ||     5
 Invoke: Stomp             |       |       |       |    27 |    68 |    67 ||   162
         Line Pass         |       |       |       |     4 |     2 |     7 ||    13
  Evoke: Wand              |       |       |       |    11 |    11 |       ||    22
         Phial of floods   |       |       |       |       |     1 |     1 ||     2
    Use: Scroll            |       |       |       |    15 |    14 |    12 ||    41
         Potion            |       |       |       |     1 |     6 |     4 ||    11
   Stab: Sleeping          |       |       |     7 |     6 |       |       ||    13
         Distracted        |       |       |     1 |     2 |       |       ||     3
         Paralysed         |       |       |     2 |    59 |   102 |   123 ||   286
         Held in net/web   |       |       |       |     2 |       |       ||     2
         Confused          |       |       |       |     1 |     1 |     2 ||     4
         Invisible         |       |       |       |       |     1 |       ||     1
 Armour: Leather armour    |    53 |    13 |       |       |       |       ||    66
         Ring mail         |       |    46 |   118 |       |       |       ||   164
         Steam dragon scal |       |       |       |   367 |       |       ||   367
         Plate armour      |       |       |       |    46 |  1259 |  1456 ||  2761
  Dodge: Dodged            |    77 |    48 |    94 |   290 |   403 |   454 ||  1366

Table legend: (Time is in decaauts)
 A = Elapsed time spent in this place.
 B = Non-inter-level travel time spent in this place.
 C = Inter-level travel time spent in this place.
 D = Time resting spent in this place.
 E = Time spent auto-exploring this place.
 F = Levels seen in this place.
 G = Mean time per level.
                   A        B        C        D        E       F      G
               +--------+--------+--------+--------+--------+-----+--------+
         Total |  33047 |  30673 |   2374 |   2432 |  21162 |  34 |  972.0 |
       Dungeon |  13464 |  12503 |    961 |    532 |   8962 |  15 |  897.6 |
        Temple |     46 |     46 |      0 |      0 |      0 |   1 |   46.0 |
          Lair |   6774 |   5810 |    964 |    488 |   4049 |   5 | 1354.8 |
         Swamp |   4087 |   3882 |    205 |    518 |   2503 |   4 | 1021.8 |
   Spider Nest |   4682 |   4556 |    126 |    430 |   3169 |   4 | 1170.5 |
    Slime Pits |   1074 |   1018 |     56 |    118 |    715 |   2 |  537.0 |
  Orcish Mines |   2206 |   2146 |     60 |    138 |   1529 |   2 | 1103.0 |
      Ice Cave |    712 |    712 |      0 |    207 |    233 |   1 |  712.0 |
               +--------+--------+--------+--------+--------+-----+--------+

Top non-repeatable levels by time:
     D:9: 1944 daAuts
   Orc:2: 1920 daAuts
Spider:4: 1777 daAuts
  Lair:5: 1740 daAuts
  Lair:2: 1657 daAuts
  Lair:1: 1357 daAuts
  Lair:3: 1338 daAuts
    D:15: 1325 daAuts
    D:12: 1315 daAuts
Spider:2: 1279 daAuts
 Swamp:2: 1131 daAuts
 Swamp:4: 1087 daAuts
    D:10: 1035 daAuts
     D:6: 1013 daAuts
     D:2: 1003 daAuts
